 Dungeon Crawl Stone Soup version 0.30-a0-46-g5a63ccc183 (webtiles) character file.

Game seed: 11560843644443153949

7910 IdlyInterested the Covert (level 11, -1/72 HPs)
             Began as a Demonspawn Wanderer on Aug 31, 2022.
             Was a Follower of Hepliaklqana.
             Slain by an orc warrior
             ... wielding a +0 dire flail
              (11 damage)
             ... on level 10 of the Dungeon on Sept 1, 2022.
             The game lasted 00:46:24 (13134 turns).

IdlyInterested the Covert (Demonspawn Wanderer)    Turns: 13134, Time: 00:46:26

Health: -1/72      AC: 22    Str: 11    XL:     11   Next: 3%
Magic:  18/18      EV: 18    Int: 15    God:    Hepliaklqana [*.....]
Gold:   614        SH:  0    Dex: 17    Spells: 20/20 levels left

rFire   . . .      SeeInvis .    k - +2 dagger (vamp)
rCold   + . .      Faith    .    K - +0 buckler
rNeg    . . .      Spirit   .    L - +3 leather armour
rPois   +          Reflect  +    j - +0 helmet
rElec   .          Harm     .    J - +1 cloak
rCorr   .          Rampage  .    c - +0 pair of gloves
Will    .....                    (no boots)
Stlth   ++........               A - amulet of reflection
HPRegen 0.22/turn                C - ring of poison resistance
MPRegen 0.16/turn                l - ring of protection from cold

@: confused, mighty, agile, ambrosia-drunk, sanguine armoured
A: reduced essence, ignite blood 2, powered by pain 1, sanguine armour 3,
weakness stinger 1
a: Renounce Religion, Recall Ancestor, Ancestor Identity


You were on level 10 of the Dungeon.
You worshipped Hepliaklqana.
Hepliaklqana was aware of your devotion.
You visited 2 branches of the dungeon, and saw 11 of its levels.
You also visited: Ossuary.

You collected 614 gold pieces.

Inventory:

Hand Weapons
 a - a +2 dagger
 k - a +2 vampiric dagger (weapon)
 w - a +0 rapier
 N - a +0 short sword of protection
 P - a +3 short sword
Missiles
 b - 4 curare-tipped darts
 o - 28 poisoned darts (quivered)
 F - a throwing net
Armour
 c - a +0 pair of gloves (worn)
 j - a +0 helmet (worn)
 n - a +0 troll leather armour
 v - a +2 robe of cold resistance
 I - +0 steam dragon scales
 J - a +1 cloak (worn)
 K - a +0 buckler (worn)
 L - a +3 leather armour (worn)
 O - +0 acid dragon scales
Jewellery
 e - a ring of ice
 g - a ring of magical power
 l - a ring of protection from cold (right hand)
 y - a +6 ring of intelligence
 A - an amulet of reflection (around neck)
 C - a ring of poison resistance (left hand)
Wands
 u - a wand of roots (9)
 B - a wand of flame (17)
 H - a wand of digging (6)
 M - a wand of paralysis (7)
Scrolls
 i - 2 scrolls of butterflies
 s - 12 scrolls of teleportation
 D - a scroll of silence
 E - a scroll of amnesia
Potions
 d - 3 potions of brilliance
 f - 2 potions of haste
 m - 3 potions of might
 p - 6 potions of flight
 q - a potion of magic
 t - a potion of resistance
 z - 2 potions of curing {unknown}
 Q - a potion of invisibility


   Skills:
 - Level 6.0 Fighting
 + Level 7.3 Short Blades
 - Level 2.6 Throwing
 - Level 2.0 Armour
 + Level 4.7 Dodging
 * Level 11.5 Stealth
 - Level 2.0 Shields
 + Level 5.2 Spellcasting
 - Level 2.0 Invocations
 - Level 2.0 Evocations


You had 20 spell levels left.
You didn't know any spells.
Your spell library contained the following spells:

 Spells                   Type           Power      Damage    Failure   Level
 Necrotise                Necr           12%        1d4       28%         1
 Blink                    Tloc           6%         N/A       38%         2
 Lesser Beckoning         Tloc           3%         N/A       63%         3
 Vampiric Draining        Necr           3%         2d6       63%         3
 Manifold Assault         Tloc           3%         N/A       100%        5


Dungeon Overview and Level Annotations

Branches:
Dungeon (10/15)            Temple (1/1) D:7         Ossuary (visited)
   Lair: D:8-11         Orc: D:9-12

Altars:
Ashenzari
Cheibriados
Dithmenos
Fedhas
Gozag
Hepliaklqana
Kikubaaqudgha
Makhleb
Nemelex Xobeh
Okawaru
Qazlal
Ru
Sif Muna
Trog
Uskayaw
Vehumet
Wu Jian
Xom
Yredelemnul

Portals:
Abyss: D:7


Innate Abilities, Weirdness & Mutations

Your life essence is reduced to manifest your ancestor. (-10% HP)
Your demonic aura often causes spilled blood to erupt in flames.
You sometimes gain a little power by taking damage.
When seriously injured, your blood forms very thick armour. (AC +12)
You have a small tail.


Message History

The gnoll sergeant barely misses you. You block the orc warrior's attack.
You feel a sense of dread.
k - a +2 vampiric dagger (weapon)
You hit the gnoll.
You feel better.
You kill the gnoll!
Ara hits the orc warrior.
You block the orc warrior's attack.
The gnoll sergeant hits you with a +0 spear.
* * * LOW HITPOINT WARNING * * *
The orc warrior hits you with a +0 dire flail.
* * * LOW HITPOINT WARNING * * *
You puncture the gnoll!
You feel better.
The gnoll is severely wounded.
Ara hits the orc warrior but does no damage.
The orc warrior is engulfed in blazing flames.
The orc warrior hits you but does no damage.
The gnoll hits you but does no damage.
The gnoll sergeant hits you but does no damage.
The orc warrior barely misses you.
You puncture the gnoll!
You kill the gnoll!
Ara closely misses the orc warrior.
You hit the gnoll sergeant.
You feel better.
You tail-slap the gnoll sergeant, but do no damage.
The gnoll sergeant is moderately wounded.
The orc warrior is engulfed in blazing flames.
The orc warrior hits you with a +0 scimitar!
* * * LOW HITPOINT WARNING * * *
You focus on the pain.
You feel agile all of a sudden.
The gnoll sergeant is engulfed in blazing flames.
The gnoll sergeant closely misses you. You block the orc warrior's attack.
Okay, then.
You are confused.
You feel invigorated.
Ara misses the orc warrior.
The orc warrior is engulfed in blazing flames.
The orc warrior closely misses you.
The gnoll sergeant is engulfed in blazing flames.
You kill the gnoll sergeant!
The orc warrior hits you with a +0 dire flail!
You die...

# . . .. #/ .
. ... #.. .#.
#.##
..###.###.#.#
####)
..#....... #
$.c. .#......
#. ... .
#)o§# #..
#.#. #R@#
#$[###)###o)#
#...#.....??#
#.....†[##
!..#...####
#..## #..#
#...# ..#..#


You could see the friendly Ara the ancestor and 2 orc warriors.

Vanquished Creatures
  The ghost of Sobieck the Skirmisher, a novice VSHu (D:7)
  Pikel (D:5)
  Joseph (D:8)
  An ancient zyme (D:7)
  Grinder (D:6)
  3 trolls
  A hornet (D:9)
  2 shadows (D:9)
  2 wyverns
  2 steam dragons
  2 acid dragons
  A water moccasin (D:7)
  Duvessa (D:5)
  A sky beast (D:6)
  An ice beast (D:7)
  3 phantoms
  A centaur (D:10)
  5 bullfrogs
  2 kobold brigands
  4 gnoll sergeants
  3 scorpions
  6 water moccasin zombies (Ossuary)
  3 necrophages
  3 small abominations (D:7)
  Dowan (D:5)
  8 killer bees (D:8)
  3 howler monkeys
  A vampire bat (D:8)
  3 hounds
  4 jellies
  2 orc priests (D:8)
  2 gnoll boudas
  3 iguanas
  Crazy Yiuf (D:7)
  An orc wizard (D:9)
  2 mummies (Ossuary)
  16 gnolls
  16 adders
  A shadow imp (D:5)
  A white imp (D:8)
  7 adder zombies (Ossuary)
  3 worms
  10 orcs
  2 bat skeletons (D:8)
  2 bat zombies (D:8)
  8 endoplasms
  A giant cockroach (D:3)
  11 goblins
  7 hobgoblins
  8 jackals
  10 kobolds
  A quokka (D:2)
  13 ball pythons
  7 bats
  2 frilled lizards (D:1)
  5 hobgoblin zombies (Ossuary)
  3 kobold zombies (Ossuary)
  3 orc zombies (Ossuary)
  4 rats
  2 rat zombies (D:4)
225 creatures vanquished.

Vanquished Creatures (collateral kills)
  A shadow (D:10)
  A steam dragon (D:9)
  A bullfrog (D:8)
  A jelly (D:8)
  4 killer bees (D:8)
  A vampire bat (D:8)
  An orc priest (D:9)
  An orc wizard (D:9)
  A gnoll (D:10)
  A dart slug (D:9)
  An orc (D:9)
  2 kobolds (D:9)
16 creatures vanquished.

Vanquished Creatures (others)
  A howler monkey (D:9)
  An ancestor (D:8)
  A butterfly (D:3)
3 creatures vanquished.

Grand Total: 244 creatures vanquished

Notes
Turn   | Place    | Note
-------+----------+-------------------------------------------
     0 | D:1      | IdlyInterested the Demonspawn Wanderer began the quest for
                  | the Orb.
     0 | D:1      | IdlyInterested set off with the following items: a +2
                  | dagger, 4 curare-tipped darts, a +0 pair of gloves, a
                  | potion of lignification, a +0 robe; and the following spell
                  | memorised: Necrotise; and the following spells available to
                  | memorise: Vampiric Draining.
     0 | D:1      | Reached XP level 1. HP: 15/15 MP: 5/5
   283 | D:1      | Reached skill level 1 in Stealth
   325 | D:1      | Gained mutation: Your demonic aura sometimes causes spilled
                  | blood to erupt in flames. [demonic ancestry]
   325 | D:1      | Reached XP level 2. HP: 18/21 MP: 7/7
   467 | D:1      | Found a faded altar of an unknown god.
   925 | D:1      | Reached skill level 1 in Short Blades
  1281 | D:2      | Gained mutation: You sometimes gain a little power by
                  | taking damage. [demonic ancestry]
  1281 | D:2      | Reached XP level 3. HP: 26/26 MP: 8/8
  1323 | D:2      | Reached skill level 2 in Stealth
  1721 | D:2      | Gained mutation: Your demonic aura often causes spilled
                  | blood to erupt in flames. [demonic ancestry]
  1721 | D:2      | Reached XP level 4. HP: 33/33 MP: 10/10
  2686 | D:3      | Reached skill level 3 in Stealth
  2729 | D:3      | Found a radiant altar of Vehumet.
  2996 | D:3      | Reached XP level 5. HP: 26/39 MP: 11/11
  3609 | D:4      | Reached skill level 4 in Stealth
  3634 | D:4      | Found a sand-covered staircase.
  3659 | Ossuary  | Entered an ossuary
  3678 | Ossuary  | Gained mutation: When seriously injured, your blood forms
                  | armour. (AC +12) [demonic ancestry]
  3678 | Ossuary  | Reached XP level 6. HP: 43/47 MP: 12/12
  4001 | Ossuary  | Reached skill level 5 in Stealth
  4022 | Ossuary  | Reached XP level 7. HP: 35/52 MP: 13/13
  4900 | D:4      | Found a shadowy altar of Dithmenos.
  5183 | D:4      | Reached skill level 6 in Stealth
  5246 | D:5      | Entered Level 5 of the Dungeon
  5392 | D:5      | Noticed Duvessa
  5392 | D:5      | Noticed Dowan
  5424 | D:5      | Killed Duvessa
  5452 | D:5      | Killed Dowan
  5453 | D:5      | Gained mutation: When seriously injured, your blood forms
                  | thick armour. (AC +12) [demonic ancestry]
  5453 | D:5      | Reached XP level 8. HP: 43/60 MP: 14/14
  5743 | D:5      | Noticed Pikel
  5766 | D:5      | Killed Pikel
  5767 | D:5      | Reached skill level 5 in Short Blades
  5767 | D:5      | Reached skill level 8 in Stealth
  6936 | D:6      | Reached skill level 1 in Armour
  7198 | D:6      | Reached skill level 1 in Evocations
  7237 | D:6      | Noticed Grinder
  7240 | D:6      | Killed Grinder
  7241 | D:6      | Gained mutation: You have a small tail. [demonic ancestry]
  7241 | D:6      | Reached XP level 9. HP: 59/66 MP: 15/15
  8046 | D:7      | Reached skill level 9 in Stealth
  8289 | D:7      | Found a staircase to the Ecumenical Temple.
  8323 | D:7      | Reached skill level 5 in Fighting
  8338 | Temple   | Entered the Ecumenical Temple
  8353 | Temple   | Became a worshipper of Hepliaklqana the Forgotten
  8726 | D:7      | Found an opulent altar of Gozag.
  9101 | D:7      | Noticed an ancient zyme
  9111 | D:7      | Noticed Sobieck's ghost (novice VSHu)
  9122 | D:7      | Found a transporter.
  9143 | D:7      | Found a transporter.
  9221 | D:7      | Found a runed translucent door.
  9222 | D:7      | Noticed Crazy Yiuf
  9540 | D:7      | Killed Crazy Yiuf
  9684 | D:7      | Killed an ancient zyme
  9696 | D:7      | Found a one-way gate to the infinite horrors of the Abyss.
  9727 | D:7      | Killed Sobieck's ghost
  9728 | D:7      | Reached skill level 10 in Stealth
  9728 | D:7      | Reached skill level 5 in Spellcasting
  9728 | D:7      | Gained mutation: When seriously injured, your blood forms
                  | very thick armour. (AC +12) [demonic ancestry]
  9728 | D:7      | Reached XP level 10. HP: 20/74 MP: 17/17
  9737 | D:7      | Reached skill level 1 in Invocations
 10108 | D:8      | HP: 3/74 [killer bee (4)]
 10435 | D:8      | Reached * piety under Hepliaklqana
 10587 | D:8      | Found a bloodstained altar of Trog.
 10591 | D:8      | Found a broken altar of Ashenzari.
 10607 | D:8      | Reached skill level 1 in Shields
 10892 | D:8      | Upgraded the game from 0.30-a0-43-gbbf338a72c to
                  | 0.30-a0-46-g5a63ccc183
 11494 | D:8      | Found an ancient bone altar of Kikubaaqudgha.
 11496 | D:8      | Noticed Joseph
 11498 | D:8      | Killed Joseph
 11614 | D:9      | Found a snail-covered altar of Cheibriados.
 11648 | D:9      | HP: 2/67 [something (18)]
 11655 | D:9      | Reached skill level 11 in Stealth
 12300 | D:9      | Found a shimmering altar of Xom.
 12593 | D:9      | Found a stormy altar of Qazlal.
 12710 | D:10     | Entered Level 10 of the Dungeon
 13111 | D:10     | Reached XP level 11. HP: 49/72 MP: 18/18
 13134 | D:10     | Slain by an orc warrior

Illustrated notes

Levels and vault maps discovered:
D:1:      dpeg_arrival_leaves_temple_mockup, layout_loops_ring,
          hellmonk_ecumenical_altar_arch_garden, minmay_strange_pillars,
          grunt_decor_resistance, due_unseen_surprise
D:2:      minmay_evil_eye, layout_basic
D:3:      layout_basic, fiery_altar_vehumet, nicolae_elyvilon_peaceful_grove,
          kennysheep_cross_bottleneck, chequers_mini_garden
D:4:      layout_loops_ring, general_overflow_altar, enter_ossuary_4,
          kennysheep_minor_cross
D:5:      layout_gridville, grunt_ministairs_9, solitary_fountain, uniq_pikel,
          uniq_duvessa
D:6:      layout_loops_corners, minmay_misc_feat_rugged, uniq_grinder
D:7:      layout_basic, amcnicky_altar_gilded, minmay_temple_entry_slanted,
          gammafunk_ghost_abyssal_escape, uniq_crazy_yiuf_cottage
D:8:      layout_gridville, kennysheep_vampire_church,
          grunt_temple_overflow_open, uniq_joseph
D:9:      layout_gridville, mainiacjoe_overflow_brackets,
          kennysheep_slug_shrine, nicolae_qazlal_style_of_elements
D:10:     layout_gridville, mainiacjoe_overflow_catwalk, david_orc_4,
          hangedman_corner_corridor
Temple:   zaba_magenta_temple

Skill      XL: |  1  2  3  4  5  6  7  8  9 10 |
---------------+-------------------------------+-----
Stealth        | 1 2 3 4 5 6 8 10 11 | 11.5
Short Blades   | 1 2 3 4 5 6 7 |  7.3
Fighting       | 2 3 4 5 6 |  6.0
Dodging        | 2 4 |  4.7
Armour         | 1 2 |  2.0
Evocations     | 1 2 |  2.0
Spellcasting   | 5 |  5.2
Invocations    | 2 |  2.0
Shields        | 2 |  2.0
Throwing       | |  2.6

Action                   |  1- 3 |  4- 6 |  7- 9 | 10-12 || total
-------------------------+-------+-------+-------+-------++-------
Melee: Dagger            |   101 |   298 |   519 |   253 ||  1171
       Punch             |       |     6 |    12 |       ||    18
       Tailslap          |       |       |    33 |    52 ||    85
       Short sword       |       |       |       |    21 ||    21
Throw: Dart              |       |       |    18 |    13 ||    31
 Cast: Necrotise         |    11 |       |     1 |       ||    12
Evoke: Wand              |       |       |     3 |     4 ||     7
  Use: Scroll            |       |    10 |     9 |     3 ||    22
       Potion            |       |       |     2 |     7 ||     9
 Stab: Sleeping          |     2 |     8 |    22 |     5 ||    37
       Distracted        |       |       |     1 |     2 ||     3
Armor: Robe              |     5 |       |    91 |     5 ||   101
       Ring mail         |    34 |   102 |    13 |       ||   149
       Leather armour    |       |       |       |   126 ||   126
Dodge: Dodged            |    71 |   120 |   212 |   187 ||   590
Block: Other             |       |       |    45 |     1 ||    46
       Buckler           |       |       |       |   187 ||   187
       Reflection        |       |       |       |     4 ||     4

Table legend: (Time is in decaauts)
 A = Elapsed time spent in this place.
 B = Non-inter-level travel time spent in this place.
 C = Inter-level travel time spent in this place.
 D = Time resting spent in this place.
 E = Time spent auto-exploring this place.
 F = Levels seen in this place.
 G = Mean time per level.
                   A        B        C        D        E       F      G
               +--------+--------+--------+--------+--------+-----+--------+
         Total |  12899 |  11309 |   1590 |   2784 |   5763 |  12 | 1074.9 |
       Dungeon |  12020 |  10448 |   1572 |   2272 |   5763 |  10 | 1202.0 |
        Temple |     88 |     70 |     18 |      0 |      0 |   1 |   88.0 |
       Ossuary |    789 |    789 |      0 |    512 |      0 |   1 |  789.0 |
               +--------+--------+--------+--------+--------+-----+--------+

Top non-repeatable levels by time:
     D:7: 1817 daAuts
     D:8: 1642 daAuts
     D:5: 1497 daAuts
     D:1: 1360 daAuts
     D:6: 1320 daAuts
     D:2: 1223 daAuts
     D:4: 997 daAuts
     D:3: 958 daAuts
     D:9: 882 daAuts
 Ossuary: 789 daAuts
    D:10: 321 daAuts
  Temple: 88 daAuts
